 Dungeon Crawl Stone Soup version 0.24-a0-479-g9a978d2 (webtiles) character file.

Game seed: 9750295256756226372

1502 robbits the Blocker (level 9, -4/69 HPs)
             Began as a Formicid Fighter on July 8, 2019.
             Was a Follower of Uskayaw.
             Slain by a two-headed ogre
             ... wielding a +0 giant club
              (26 damage)
             ... on level 8 of the Dungeon.
             The game lasted 00:10:05 (6610 turns).

robbits the Blocker (Formicid Fighter)              Turns: 6610, Time: 00:10:06

Health: -4/69      AC:  8    Str: 28    XL:     9   Next: 8%
Magic:  9/9        EV: 14    Int:  9    God:    Uskayaw [*.....]
Gold:   260        SH: 12    Dex: 15    Spells: 8/8 levels left

rFire    . . .     SeeInvis +   a - +0 war axe
rCold    . . .     Gourm    .   c - +0 shield
rNeg     . . .     Faith    .   b - +0 scale mail
rPois    .         Spirit   .   (helmet unavailable)
rElec    .         Reflect  .   w - +0 cloak
rCorr    .         Harm     .   (no gloves)
MR       .....                  (no boots)
Stlth    +.........             (no amulet)
HPRegen  0.21/turn              (no ring)
MPRegen  0.11/turn              (no ring)

@: mighty, agile
A: permanent stasis, dig shafts and tunnels, four strong arms, antennae 3
a: Dig, Shaft Self, Stomp, Renounce Religion


You were on level 8 of the Dungeon.
You worshipped Uskayaw.
Uskayaw was noncommittal.
You were hungry.

You visited 2 branches of the dungeon, and saw 9 of its levels.
You also visited: Sewer.

You collected 498 gold pieces.
You spent 238 gold pieces at shops.

Inventory:

Hand Weapons
 a - a +0 war axe (weapon)
Armour
 b - a +0 scale mail (worn)
 c - a +0 shield (worn)
 w - a +0 cloak (worn)
Wands
 p - a wand of random effects (19)
 s - a wand of paralysis (8)
Scrolls
 e - a scroll of fog {unknown}
 i - 2 scrolls of magic mapping
 k - a scroll of torment {unknown}
 o - a scroll of fear
 r - a scroll of enchant armour {unknown}
 y - a scroll of remove curse
 A - a scroll of amnesia {unknown}
Potions
 g - 3 potions of ambrosia
 l - 4 potions of heal wounds
 m - 2 potions of lignification
 n - 4 potions of curing
 q - 2 potions of magic {unknown}
 t - a potion of degeneration {unknown}
 u - 2 potions of brilliance {unknown}
 v - a potion of cancellation {unknown}
 x - a potion of berserk rage {unknown}
 z - a potion of resistance
Comestibles
 f - 18 rations


   Skills:
 + Level 5.7 Fighting
 * Level 6.4 Axes
 + Level 5.7 Armour
 * Level 8.2 Shields
 * Level 0.9 Invocations


You had 8 spell levels left.
You didn't know any spells.
Your spell library was empty.

Dungeon Overview and Level Annotations

Branches:
Dungeon (7/15)             Temple (1/1) D:5

Altars:
Ashenzari
Cheibriados
Dithmenos
Elyvilon
Fedhas
Gozag
Hepliaklqana
Kikubaaqudgha
Makhleb
Nemelex Xobeh
Okawaru
Qazlal
Ru
Sif Muna
Trog
Uskayaw
Vehumet
Wu Jian
Xom
Yredelemnul
Zin
The Shining One

Shops:
D:6 ![}%=   D:7 [


Innate Abilities, Weirdness & Mutations

You cannot be hasted, slowed, berserked, paralysed or teleported.
You can dig through walls and to a lower floor.
Your four strong arms can wield two-handed weapons with a shield.
You have a pair of large antennae on your head. (SInv)


Message History

You hit the black bear.
The black bear is moderately wounded.
The black bear bites you but does no damage.
You block the black bear's attack. The black bear claws you.
* * * LOW HITPOINT WARNING * * *
You barely miss the black bear.
The black bear is moderately wounded.
The black bear bites you but does no damage.
The black bear claws you but does no damage. x2
You feel much better. The black bear bites you. The black bear claws you.
The black bear claws you but does no damage.
You feel agile all of a sudden. The black bear barely misses you.
The black bear claws you. x2
A wyvern comes into view.
You feel very mighty all of a sudden.
The wyvern hisses angrily.
The black bear barely misses you. You block the black bear's attack.
The black bear claws you but does no damage.
The two-headed ogre hits you with a +0 giant club!!
You die...

........#####...
#...............
#...............
+...........>...
#.......l.......
#............O..
........####'###
......Oh'.......
.......@#.......
........#.......
........#####...
##+###### .. . {


You could see a two-headed ogre, a black bear and a wyvern.

Vanquished Creatures
  3 phantoms
  Purgy (Sewer)
  2 ogres
  A necrophage (D:6)
  A big kobold (D:7)
  A bullfrog (D:6)
  A water moccasin zombie (D:6)
  A jelly (D:6)
  Crazy Yiuf (D:4)
  A bullfrog zombie (D:5)
  3 orc priests (D:5)
  A hound (D:5)
  2 orc wizards
  Ijyb (D:3)
  An iguana (D:4)
  5 worker ants
  A hound zombie (D:6)
  10 adders
  2 shadow imps
  3 oozes
  2 adder skeletons
  An adder zombie (D:3)
  4 worms
  2 dart slugs (D:1)
  4 leopard geckos
  10 orcs
  8 giant cockroaches
  8 goblins
  7 hobgoblins
  6 jackals
  2 quokkas
  7 ball pythons
  11 bats
  7 frilled lizards
  11 kobolds
  2 leopard gecko skeletons (D:5)
  6 rats
140 creatures vanquished.

Notes
Turn   | Place    | Note
-------+----------+-------------------------------------------
     0 | D:1      | robbits the Formicid Fighter began the quest for the Orb.
     0 | D:1      | Reached XP level 1. HP: 18/18 MP: 1/1
    14 | D:1      | Reached XP level 2. HP: 21/24 MP: 2/2
   142 | D:1      | Reached skill level 4 in Shields
   144 | D:1      | Reached XP level 3. HP: 22/29 MP: 3/3
   549 | D:2      | Reached XP level 4. HP: 36/36 MP: 4/4
  1090 | D:2      | Reached XP level 5. HP: 42/42 MP: 5/5
  1506 | D:3      | Reached skill level 5 in Shields
  1517 | D:3      | Found a glowing drain.
  1531 | D:3      | Noticed Ijyb
  1554 | D:3      | Killed Ijyb
  1562 | Sewer    | Entered a sewer
  1860 | Sewer    | Noticed Purgy
  1882 | Sewer    | Killed Purgy
  1882 | Sewer    | Reached XP level 6. HP: 9/48 MP: 6/6
  2478 | D:3      | Noticed a phantom
  2523 | D:3      | Killed a phantom
  2750 | D:3      | Reached XP level 7. HP: 55/55 MP: 7/7
  3029 | D:3      | Reached skill level 6 in Shields
  3232 | D:4      | Found a runed translucent door.
  3233 | D:4      | Noticed Crazy Yiuf
  4013 | D:4      | Killed Crazy Yiuf
  4053 | D:5      | Entered Level 5 of the Dungeon
  4064 | D:5      | Found a staircase to the Ecumenical Temple.
  4129 | Temple   | Entered the Ecumenical Temple
  4249 | Temple   | Became a worshipper of Uskayaw the Reveler
  4322 | D:5      | Reached * piety under Uskayaw
  4381 | D:5      | Reached ** piety under Uskayaw
  4383 | D:5      | Reached *** piety under Uskayaw
  4390 | D:5      | Reached **** piety under Uskayaw
  4456 | D:5      | Reached skill level 5 in Axes
  4750 | D:5      | Reached skill level 7 in Shields
  4750 | D:5      | Reached XP level 8. HP: 37/61 MP: 8/8
  4912 | D:5      | Found a sparkling altar of Nemelex Xobeh.
  4968 | D:5      | Reached skill level 5 in Fighting
  4968 | D:5      | Reached skill level 5 in Armour
  5227 | D:6      | Found Palige's Gadget Shoppe.
  5459 | D:6      | Found Qooren's Jewellery Emporium.
  5562 | D:6      | Found Lulomes's Food Shoppe.
  5571 | D:6      | Found Saoruafesa's Antique Armour Emporium.
  5646 | D:6      | Found a shimmering altar of Xom.
  5648 | D:6      | Found a shimmering altar of Xom.
  5650 | D:6      | Found a shimmering altar of Xom.
  5651 | D:6      | Found a shimmering altar of Xom.
  5651 | D:6      | Found a shimmering altar of Xom.
  5654 | D:6      | Found a shimmering altar of Xom.
  5721 | D:6      | Found Aprerong's Distillery.
  5729 | D:6      | Bought a potion of curing for 42 gold pieces
  5729 | D:6      | Bought a potion of agility for 56 gold pieces
  5729 | D:6      | Bought a potion of resistance for 140 gold pieces
  6168 | D:7      | Reached skill level 8 in Shields
  6243 | D:7      | Found Vepadip's Armour Shoppe.
  6337 | D:7      | Reached XP level 9. HP: 33/68 MP: 9/9
  6584 | D:7      | Noticed a brown ugly thing
  6600 | D:7      | You fall into a shaft and drop 1 floor!
  6600 | D:8      | Noticed a two-headed ogre
  6610 | D:8      | Slain by a two-headed ogre

Levels and vault maps discovered:
D:1:      dpeg_arrival_tiny_b, layout_rooms
D:2:      layout_basic
D:3:      layout_basic, cheibrodos_sewer_entry_drain, uniq_ijyb
D:4:      layout_loops_corners, kennysheep_generic_room_15,
          uniq_crazy_yiuf_cottage
D:5:      layout_loops_ring, nemelex_xobeh_ov_fountains_minmay,
          minmay_temple_entry_mist, first_ration
D:6:      layout_basic, serial_shops, shop, shop, nicolae_shop_behind_doors,
          nicolae_shop_trees, shop, xom_redecorated
D:7:      layout_loops_cross, serial_shops, nicolae_shop_crystal
D:8:      layout_gridville
Temple:   kilobyte_greek_temple

Skill      XL: |  1  2  3  4  5  6  7  8 |
---------------+-------------------------+-----
Shields        | 4 5 7 8 |  8.2
Axes           | 3 4 5 6 |  6.4
Armour         | 4 5 |  5.7
Fighting       | 4 5 |  5.7
Invocations    | |  0.9

Action                   |  1- 3 |  4- 6 |  7- 9 || total
-------------------------+-------+-------+-------++-------
Melee: War axe           |    84 |   230 |   261 ||   575
 Abil: Shaft Self        |       |       |     1 ||     1
  Use: Scroll            |       |     3 |     6 ||     9
       Potion            |       |     1 |     3 ||     4
 Stab: Paralysed         |       |       |     6 ||     6
  Eat: Chunk             |       |     6 |    13 ||    19
Armor: Scale mail        |    37 |   103 |    79 ||   219
Dodge: Dodged            |    35 |    77 |    89 ||   201
Block: Shield            |    61 |   129 |   150 ||   340

Table legend:
 A = Non-vault XP
 B = Vault XP
 C = Vault XP percentage of total XP
 D = Non-vault monster count
 E = Vault monster count
 F = Vault count percentage of total count
                 A         B        C        D         E       F
            +---------+---------+-------+---------+---------+-------
      Total |    1895 |     251 |  11.7 |     125 |      15 |  10.7
            +---------+---------+-------+---------+---------+-------
        D:1 |      62 |       0 |   0.0 |      32 |       0 |   0.0
        D:2 |      86 |       0 |   0.0 |      25 |       0 |   0.0
        D:3 |     193 |      41 |  17.5 |      13 |       5 |  27.8
        D:4 |     102 |      54 |  34.6 |       6 |       2 |  25.0
        D:5 |     571 |       0 |   0.0 |      19 |       0 |   0.0
        D:6 |     613 |       0 |   0.0 |      19 |       0 |   0.0
        D:7 |     268 |       0 |   0.0 |      11 |       0 |   0.0
      Sewer |       0 |     156 | 100.0 |       0 |       8 | 100.0
            +---------+---------+-------+---------+---------+-------
